 Dungeon Crawl Stone Soup version 0.27.0-1-g7a089689b8 (webtiles) character file.

Game seed: 2628942473652726655

308 wakim the Cudgeller (level 6, -3/55 HPs)
             Began as a Minotaur Fighter on Aug 2, 2021.
             Splashed by Ijyb's acid (10 damage)
             ... on level 3 of the Dungeon.
             The game lasted 00:05:21 (2384 turns).

wakim the Cudgeller (Minotaur Fighter)              Turns: 2384, Time: 00:05:22

Health: -3/55      AC:  7    Str: 21    XL:     6   Next: 17%
Magic:  5/5        EV:  6    Int:  6    God:
Gold:   127        SH:  0    Dex: 10    Spells: 5/5 levels left

rFire    . . .     SeeInvis .   a - +1 flail (holy)
rCold    . . .     Faith    .   (no shield)
rNeg     . . .     Spirit   .   f - +0 plate armour
rPois    .         Reflect  .   l - +2 hat
rElec    .         Harm     .   h - +0 cloak
rCorr    .         Rampage  .   (no gloves)
Will     .....                  (no boots)
Stlth    ..........             (no amulet)
HPRegen  0.18/turn              (no ring)
MPRegen  0.09/turn              (no ring)

@: corroded
A: horns 2, retaliatory headbutt
a: no special abilities


You were on level 3 of the Dungeon.
You visited 1 branch of the dungeon, and saw 3 of its levels.

You collected 127 gold pieces.

Inventory:

Hand Weapons
 a - a +1 flail of holy wrath (weapon)
 b - a +2 dagger of venom
 e - a +0 morningstar
Missiles
 k - 10 poisoned darts (quivered)
Armour
 c - a +0 kite shield
 f - a +0 plate armour (worn)
 h - a +0 cloak (worn)
 l - a +2 hat (worn)
Scrolls
 d - a scroll of enchant weapon
 g - 3 scrolls of immolation {unknown}
 T - 2 scrolls of teleportation
 V - 3 scrolls of vulnerability {!r!r}
Potions
 j - 2 potions of brilliance {unknown}
 F - 2 potions of curing
 G - a potion of flight
 H - a potion of haste
 N - a potion of might


   Skills:
 + Level 4.9 Fighting
 * Level 5.3 Maces & Flails
 + Level 5.0 Armour
 * Level 4.8 Shields


You had 5 spell levels left.
You didn't know any spells.
Your spell library was empty.

Dungeon Overview and Level Annotations

Branches:
Dungeon (3/15)

Altars:
Dithmenos

Shops:
D:1 *

Annotations:
D:3 Ijyb


Innate Abilities, Weirdness & Mutations

You have a pair of horns on your head.
You reflexively headbutt those who attack you in melee.


Message History

There is a large open door here.
Ijyb the Twisted Goblin comes into view.
She is wielding a +0 dagger, wearing a +1 chain mail of cold resistance and carrying a wand of acid (13).
Your +1 flail of holy wrath stops glowing.
Your +2 dagger of venom begins to drip with poison!
b - a +2 dagger of venom (weapon)
Okay, then.
Ijyb hits you but does no damage.
You barely miss Ijyb. Ijyb hits you but does no damage.
You closely miss Ijyb. Ijyb hits you but does no damage.
You hit Ijyb but do no damage.
Ijyb is poisoned.
Your headbutt misses Ijyb. Ijyb hits you but does no damage.
You hit Ijyb.
Ijyb looks as sick as possible!
Your headbutt misses Ijyb.
Ijyb is lightly wounded.
Ijyb hits you but does no damage.
Your +2 dagger of venom stops dripping with poison.
Your +1 flail of holy wrath softly glows with a divine radiance!
a - a +1 flail of holy wrath (weapon)
You hit Ijyb.
Ijyb is heavily wounded.
Ijyb hits you with a +0 dagger.
You barely miss Ijyb.
Ijyb is heavily wounded.
Ijyb zaps a wand.
The bolt of acid hits you but does no damage.
You are splashed with acid!
You hit Ijyb but do no damage.
Ijyb is severely wounded.
Ijyb hits you but does no damage. Ijyb hits you with a +0 dagger.
You closely miss Ijyb. Your headbutt misses Ijyb.
Ijyb is severely wounded.
Ijyb zaps a wand.
The bolt of acid hits you. The acid corrodes you!
You are splashed with acid!
* * * LOW HITPOINT WARNING * * *
You hit Ijyb but do no damage. You headbutt Ijyb, but do no damage.
Ijyb is almost dead.
Ijyb zaps a wand.
The bolt of acid hits you!!
* * * LOW HITPOINT WARNING * * *
The acid corrodes you!
You are splashed with acid!
You die...

.#
##.##########.#####.##.##..##
.# #.#
##.....##.......†.##.... .#
#÷###.......######.######.#.
.# #)##....>....# #..........
.#####)##.♣.....♣.#
###########
.##.÷...).........#
....##.###..♣.♣...#
.#..##.####.......#
....##..........@.#
....########..###g# ....#
#.## #.# #...########.# #.#
.............# #.#
#...########## #.# #...# #.#
##..# #.# [##.## #.#


You could see Ijyb (very poisoned).

Vanquished Creatures
  An orc warrior (D:3)
  A scorpion (D:3)
  Crazy Yiuf (D:2)
  A hound skeleton (D:3)
  3 adders
  3 worms (D:3)
  4 dart slugs
  6 orcs (D:3)
  6 endoplasms
  3 giant cockroaches
  7 hobgoblins
  3 jackals (D:2)
  5 quokkas
  5 ball pythons (D:1)
  3 bats
  A frilled lizard (D:1)
  4 goblins
  2 kobolds (D:1)
  2 rats
61 creatures vanquished.

Notes
Turn   | Place    | Note
-------+----------+-------------------------------------------
     0 | D:1      | wakim the Minotaur Fighter began the quest for the Orb.
     0 | D:1      | Reached XP level 1. HP: 19/19 MP: 0/0
    98 | D:1      | Found Ifon's General Store.
   168 | D:1      | Reached XP level 2. HP: 27/27 MP: 1/1
   287 | D:1      | Found a faded altar of an unknown god.
   666 | D:2      | Reached XP level 3. HP: 33/33 MP: 2/2
  1509 | D:2      | Found a runed translucent door.
  1510 | D:2      | Noticed Crazy Yiuf
  1518 | D:2      | Killed Crazy Yiuf
  1519 | D:2      | Reached XP level 4. HP: 31/41 MP: 3/3
  1654 | D:3      | Found a shadowy altar of Dithmenos.
  1770 | D:3      | Noticed a scorpion
  1778 | D:3      | Killed a scorpion
  1779 | D:3      | Reached XP level 5. HP: 44/47 MP: 4/4
  2059 | D:3      | Reached skill level 5 in Maces & Flails
  2081 | D:3      | Noticed an orc warrior
  2100 | D:3      | Killed an orc warrior
  2101 | D:3      | Reached skill level 5 in Armour
  2101 | D:3      | Reached XP level 6. HP: 22/55 MP: 5/5
  2367 | D:3      | Noticed Ijyb
  2384 | D:3      | Splashed by Ijyb's acid

Illustrated notes

Levels and vault maps discovered:
D:1:      nzn_arrival_depleted_hourglass, layout_rooms,
          shapermc_ecumenical_altar_mp_urbaneastern, serial_shops, shop
D:2:      minmay_general_purpose_star, layout_loops_cross,
          uniq_crazy_yiuf_cottage
D:3:      layout_loops_ring, nicolae_dithmenos_the_darkroom, grunt_ministairs_9,
          nrook_mini_vaults, kennysheep_generic_room_15, uniq_ijyb

Skill      XL: |  1  2  3  4  5 |
---------------+----------------+-----
Maces & Flails | 3 4 5 |  5.3
Fighting       | 4 |  4.9
Armour         | 4 5 |  5.0
Shields        | 4 |  4.8

Action                   |  1- 3 |  4- 6 || total
-------------------------+-------+-------++-------
Melee: Flail             |    65 |     5 ||    70
       Headbutt          |    12 |    20 ||    32
       Dagger            |    17 |    69 ||    86
  Use: Scroll            |     7 |       ||     7
Armor: Plate armour      |    54 |    31 ||    85
       Scale mail        |     2 |       ||     2
Dodge: Dodged            |    40 |    10 ||    50
